 Dungeon Crawl Stone Soup version 0.22-a0-512-g0943f25562 (webtiles) character file.

2 Faustar the Magician (level 1, 0/11 HPs)
             Began as an Octopode Wizard on June 18, 2018.
             Slain by an ooze (4 damage)
             ... on level 1 of the Dungeon.
             The game lasted 00:00:15 (71 turns).

Faustar the Magician (Octopode Wizard)                Turns: 71, Time: 00:00:15

Health: 0/11       AC:  1    Str:  6    XL:     1   Next: 40%
Magic:  4/4        EV: 13    Int: 20    God:
Gold:   0          SH:  0    Dex: 10    Spells: 5/6 levels left

rFire    . . .     SeeInvis .   b - +0 whip
rCold    . . .     Gourm    .   (no shield)
rNeg     . . .     Faith    .   a - +0 hat
rPois    .         Spirit   .   (no amulet)
rElec    .         Reflect  .   (no ring)
rCorr    .         Harm     .   (no ring)
MR       .....                  (no ring)
Stlth    ++++......             (no ring)
HPRegen  0.03/turn              (no ring)
MPRegen  0.09/turn              (no ring)
                                (no ring)
                                (no ring)

@: no status effects
A: almost no armour, stealthy swim, amphibious, 8 rings, constrict 8, camouflage
1, gelatinous body 1
a: no special abilities


You were on level 1 of the Dungeon.
You were not hungry.

You visited 1 branch of the dungeon, and saw 1 of its levels.

Inventory:

Hand Weapons
 b - a +0 whip (weapon)
Armour
 a - a +0 hat (worn)
Comestibles
 c - a ration


   Skills:
 - Level 2.0 Dodging
 - Level 2.6 Stealth
 - Level 3.0 Spellcasting
 + Level 1.4 Conjurations
   Level 1.0 Summonings
   Level 1.0 Translocations


You had 5 spell levels left.
You knew the following spells:

 Your Spells              Type           Power        Failure   Level  Hunger
a - Magic Dart            Conj           #...         9%          1    None

Your spell library contained the following spells:

 Spells                   Type           Power        Failure   Level  Hunger
 Conjure Flame            Conj/Fire      #.......     32%         3    ###....
 Slow                     Hex            #.......     22%         2    ##.....
 Mephitic Cloud           Conj/Pois/Air  #.......     34%         3    ###....
 Blink                    Tloc           N/A          14%         2    ##.....
 Call Imp                 Summ           #.......     14%         2    ##.....


Dungeon Overview and Level Annotations

Branches:
Dungeon (1/15)

Altars:


Innate Abilities, Weirdness & Mutations

You cannot wear most types of armour.
You are very stealthy in the water. (Stealth+)
You are amphibious.
You can wear up to eight rings at the same time.
You can use your tentacles to constrict eight enemies at once.
Your skin changes colour to match your surroundings (Stealth+).
Your rubbery body absorbs attacks. (AC +1, EV +1)


Message History

The hobgoblin closely misses you.
You hit the hobgoblin but do no damage. Your grab misses the hobgoblin.
You kill the hobgoblin!
You hear a splash.
You see here a club.
The ooze splashes around in the water.
You hit the ooze but do no damage. The ooze misses you.
You barely miss the ooze. You squeeze the ooze.
The ooze is moderately wounded.
The ooze hits you.
You barely miss the ooze.
The ooze is moderately wounded.
The ooze misses you.
You barely miss the ooze.
The ooze is moderately wounded.
The ooze barely misses you.
You hit the ooze. Your squeeze misses the ooze.
The ooze is moderately wounded.
The ooze hits you. x2
You die...

...... .....#......#
..≈≈≈≈ .....#......#
..≈... ....P..PP...#
..#..≈...
..♣≈≈≈≈≈≈≈P.#....#..≈..≈
..≈≈≈≈≈≈≈...#....#..≈..≈
P≈≈≈≈≈≈≈≈≈≈P#....#..≈..≈
.≈≈.≈≈J≈P≈♣P#....#..≈≈.≈
♣≈≈P≈≈≈@)♣P............≈
.♣≈≈♣≈≈≈≈≈.........#.#.≈
.P..P?.P..........#...≈
........##.........#....
.....#.............#....
.....#.###.........#....
#### #. #.........#.>##
#.###.........#..
#.............#


You could see an ooze.

Vanquished Creatures
  A hobgoblin (D:1)
  A kobold (D:1)
  A rat (D:1)
3 creatures vanquished.

Notes
Turn   | Place    | Note
-------+----------+-------------------------------------------
     0 | D:1      | Faustar the Octopode Wizard began the quest for the Orb.
     0 | D:1      | Reached XP level 1. HP: 11/11 MP: 4/4
    71 | D:1      | Slain by an ooze

Vault maps used:
D:1:      ebering_hopf_link, serial_bayou, serial_bayou_pond_d,
          serial_bayou_pond_e, serial_bayou_pond_b, serial_bayou_pond_c

Action                   || total
-------------------------++-------
Melee: Whip              ||     8
       Tentacles         ||     3
       Constrict         ||     2
       Unarmed           ||     1
 Cast: Magic Dart        ||     1
Armor: Skin              ||     1
Dodge: Dodged            ||     5

Table legend:
 A = Spawn XP
 B = Non-spawn XP
 C = Spawn XP percentage of total XP
 D = Spawn monster count
 E = Non-spawn monster count
 F = Spawn count percentage of total count
 G = Total turns spent on level
                    A         B        C        D         E        F      G
               +---------+---------+-------+---------+---------+-------+---------
         Total |       0 |       4 |   0.0 |       0 |       3 |   0.0 |    71
               +---------+---------+-------+---------+---------+-------+---------
           D:1 |       0 |       4 |   0.0 |       0 |       3 |   0.0 |    71
               +---------+---------+-------+---------+---------+-------+---------
